 Dungeon Crawl Stone Soup version 0.20.0-15-g7f486f2 (webtiles) character file.

2706 louis the Frost Mage (level 9, -4/57 HPs)
             Began as a Merfolk Ice Elementalist on June 19, 2017.
             Was a Follower of Sif Muna.
             Slain by a hornet zombie (9 damage)
             ... on level 11 of the Dungeon.
             The game lasted 00:39:01 (11730 turns).

louis the Frost Mage (Merfolk Ice Elementalist)    Turns: 11730, Time: 00:39:02

Health: -4/57      AC:  8    Str:  8    XL:     9   Next: 65%
Magic:  13/20      EV: 16    Int: 18    God:    Sif Muna [*.....]
Gold:   373        SH:  0    Dex: 15    Spells: 13/23 levels left

rFire    . . .     SeeInvis +   n - +2 whip (venom)
rCold    . . .     Gourm    .   (no shield)
rNeg     . . .     Faith    .   a - +0 robe
rPois    .         Spirit   .   y - +2 hat
rElec    .         Reflect  .   s - +1 cloak
rCorr    +         Harm     .   E - +0 pair of gloves
MR       .....                  z - +0 pair of boots
Stlth    +++.......             (no amulet)
Regen    0.2/turn               v - +3 ring of intelligence
MPRegen  0.2/turn               x - ring of resist corrosion

@: very slightly contaminated
A: change form in water, swift swim, stealthy swim, see invisible, dopey 1
a: Divine Energy, Renounce Religion


You were on level 11 of the Dungeon.
You worshipped Sif Muna.
Sif Muna was aware of your devotion.
You were not hungry.

You visited 2 branches of the dungeon, and saw 11 of its levels.

You collected 373 gold pieces.

Inventory:

Hand Weapons
 n - a +2 whip of venom (weapon)
Missiles
 e - 3 javelins of returning (quivered)
 u - 3 javelins
Armour
 a - a +0 robe (worn)
 s - a +1 cloak (worn)
 y - a +2 hat (worn)
 z - a +0 pair of boots (worn)
 E - a +0 pair of gloves (worn)
Jewellery
 h - an uncursed ring of fire
 v - a +3 ring of intelligence (left hand)
 x - a ring of resist corrosion (right hand)
 C - an uncursed amulet of guardian spirit {unknown}
 D - an uncursed amulet of harm {unknown}
 I - an uncursed ring of see invisible {unknown}
Wands
 j - a wand of paralysis (18/24)
Scrolls
 d - 8 scrolls of remove curse
 g - a scroll of identify
 i - 4 scrolls of teleportation
 k - 2 scrolls of recharging
 p - a scroll of magic mapping
 B - a scroll of fear
 F - a scroll of immolation {unknown}
 H - a scroll of noise {unknown}
Potions
 c - a potion of agility
 f - 2 potions of haste
 m - a potion of magic
 q - 2 potions of flight
 w - 2 potions of lignification {unknown}
 G - a potion of heal wounds
Books
 b - a book of Frost

   Spells                             Type                      Level
   a - Freeze                         Ice                          1
   b - Throw Frost                    Conjuration/Ice              2
   c - Ozocubu's Armour               Charms/Ice                   3
   d - Throw Icicle                   Conjuration/Ice              4
   e - Summon Ice Beast               Ice/Summoning                4
 A - a book of Debilitation

   Spells                             Type                      Level
   a - Corona                         Hexes                        1
   b - Slow                           Hexes                        2
   c - Inner Flame                    Hexes/Fire                   3
   d - Portal Projectile              Hexes/Translocation          3
   e - Cause Fear                     Hexes                        4
   f - Leda's Liquefaction            Hexes/Earth                  4
Comestibles
 l - a meat ration
 o - a royal jelly
 r - 3 chunks of flesh
 t - 2 bread rations


   Skills:
 - Level 0.2 Fighting
   Level 0.5 Short Blades
 + Level 0.4 Throwing
 * Level 6.1 Dodging
 + Level 4.3 Stealth
 * Level 7.6 Spellcasting
 + Level 2.0 Conjurations
 - Level 2.0 Charms
 * Level 9.1 Ice Magic


You had 13 spell levels left.
You knew the following spells:

 Your Spells              Type           Power        Failure   Level  Hunger
a - Freeze                Ice            ####         1%          1    None
b - Throw Frost           Conj/Ice       ####..       1%          2    None
c - Ozocubu's Armour      Chrm/Ice       ####....     3%          3    #......
d - Throw Icicle          Conj/Ice       ####....     10%         4    ###....


Dungeon Overview and Level Annotations

Branches:
Dungeon (9/15)             Temple (1/1) D:5
   Lair: D:8-11         Orc: D:9-12

Altars:
Cheibriados
Dithmenos
Elyvilon
Fedhas
Gozag
Hepliaklqana
Kikubaaqudgha
Makhleb
Nemelex Xobeh
Okawaru
Qazlal
Sif Muna
Trog
Uskayaw
Vehumet
Xom
Zin
The Shining One

Annotations:
D:8 Exporg's ghost, novice DsBe
D:9 Drestin's ghost, amateur GrFi


Innate Abilities, Weirdness & Mutations

You revert to your normal form in water.
You are very nimble and swift while swimming.
You are very stealthy in the water. (Stealth+)
You have supernaturally acute eyesight. (SInv)
You are dopey. (Int -2)


Message History

The hornet zombie closely misses you.
Casting: Throw Icicle
Confirm with . or Enter, or press ? or * to list all spells.
Aiming: Throw Icicle
Press: ? - help, Shift-Dir - straight line, f/p - hornet zombie
Aim: a hornet zombie (moderately damaged)
You miscast Throw Icicle.
You are very lightly contaminated with residual magic.
Your hair stands on end.
The hornet zombie barely misses you. The hornet zombie barely misses you.
The hornet zombie hits you!
* * * LOW HITPOINT WARNING * * *
You hit the hornet zombie but do no damage.
The hornet zombie is moderately damaged.
The hornet zombie barely misses you. The hornet zombie hits you.
* * * LOW HITPOINT WARNING * * *
You barely miss the hornet zombie.
The hornet zombie is moderately damaged.
The hornet zombie hits you!
You die...

.....######.##.#
######
#.##...........#
#.....
........###.####
#.####
..#####.##..# #.#
#.##.## #.# #.##.#
#####.#### #.##.#
#......... #.##.#
#.###.###. #@##.#
#.# #.# #Z##.####.#
#.# #.............#
#.!......####.#####
########## #.# #.#
#.# #.. ###


You could see a hornet zombie.

Vanquished Creatures
  A two-headed ogre (D:11)
  2 sky beasts
  3 ice beasts
  An orc warrior (D:3)
  A black bear (D:7)
  A phantom (D:4)
  2 ogres (D:3)
  A centaur (D:3)
  2 bullfrogs
  A water moccasin zombie (D:5)
  3 scorpions
  A howler monkey (D:6)
  2 crimson imps
  A hound (D:4)
  2 bullfrog skeletons (D:5)
  4 orc priests
  5 worker ants
  2 iguanas
  An orc wizard (D:3)
  A hound zombie (D:5)
  Robin (D:3)
  A howler monkey skeleton (D:6)
  7 adders
  5 gnolls (D:7)
  2 shadow imps (D:5)
  An ooze (D:3)
  An adder skeleton (D:9)
  A worm (D:2)
  A dart slug (D:4)
  7 leopard geckos
  9 orcs
  5 giant cockroaches
  11 goblins
  7 hobgoblins
  2 jackals (D:3)
  3 quokkas
  9 bats
  7 frilled lizards
  A giant cockroach zombie (D:6)
  8 kobolds
  A leopard gecko skeleton (D:5)
  A quokka skeleton (D:7)
  2 quokka zombies
  7 rats
137 creatures vanquished.

Notes
Turn   | Place    | Note
-------+----------+-------------------------------------------
     0 | D:1      | louis the Merfolk Ice Elementalist began the quest for the Orb.
     0 | D:1      | Reached XP level 1. HP: 13/13 MP: 3/3
   388 | D:1      | Reached XP level 2. HP: 19/19 MP: 5/5
   441 | D:1      | Learned a level 2 spell: Throw Frost
   928 | D:2      | Reached XP level 3. HP: 20/24 MP: 4/6
  1468 | D:2      | Reached skill level 4 in Ice Magic
  2269 | D:3      | Noticed Robin
  2328 | D:3      | Reached XP level 4. HP: 22/30 MP: 3/8
  2348 | D:3      | Learned a level 3 spell: Ozocubu's Armour
  2430 | D:3      | Found a bloodstained altar of Trog.
  2763 | D:3      | Killed Robin
  2763 | D:3      | Reached XP level 5. HP: 35/35 MP: 5/9
  2802 | D:3      | Reached skill level 1 in Charms
  3034 | D:3      | Noticed a centaur
  3445 | D:3      | Killed a centaur
  3445 | D:3      | Reached skill level 5 in Ice Magic
  3445 | D:3      | Reached XP level 6. HP: 27/41 MP: 5/11
  3981 | D:4      | Found a stormy altar of Qazlal.
  4242 | D:4      | Noticed a phantom
  4308 | D:3      | Reached skill level 1 in Conjurations
  4408 | D:3      | Reached XP level 7. HP: 24/46 MP: 10/13
  5176 | D:3      | Reached skill level 6 in Ice Magic
  5513 | D:4      | Found a blossoming altar of Fedhas.
  5770 | D:4      | Reached skill level 5 in Spellcasting
  6375 | D:5      | Entered Level 5 of the Dungeon
  6529 | D:5      | Reached XP level 8. HP: 48/52 MP: 3/16
  7408 | D:5      | Found a staircase to the Ecumenical Temple.
  7429 | Temple   | Entered the Ecumenical Temple
  7556 | Temple   | Became a worshipper of Sif Muna the Loreminder
  7586 | D:5      | Reached skill level 7 in Ice Magic
  8721 | D:6      | Learned a level 4 spell: Throw Icicle
  8890 | D:6      | Found a burning altar of Makhleb.
  9005 | D:6      | Reached skill level 5 in Dodging
  9713 | D:6      | Gained mutation: You are dopey. (Int -2) [potion of mutation]
  9713 | D:6      | Gained mutation: You have supernaturally acute eyesight. (SInv) [potion of mutation]
  9736 | D:6      | Reached skill level 8 in Ice Magic
 10154 | D:6      | HP: 2/52 [wyvern zombie (11)]
 10530 | D:7      | Reached * piety under Sif Muna
 10530 | D:7      | Reached XP level 9. HP: 51/57 MP: 14/19
 10691 | D:7      | Found an ancient bone altar of Kikubaaqudgha.
 10901 | D:7      | Noticed a two-headed ogre
 11129 | D:7      | Noticed an unseen horror
 11375 | D:8      | Noticed Exporg's ghost (novice DsBe)
 11397 | D:8      | Found a hide-covered altar of Uskayaw.
 11419 | D:9      | Noticed Drestin's ghost (amateur GrFi)
 11429 | D:9      | You fall through a shaft for 2 floors!
 11601 | D:11     | Noticed a two-headed ogre
 11607 | D:11     | Killed a two-headed ogre
 11607 | D:11     | Reached skill level 9 in Ice Magic
 11730 | D:11     | Slain by a hornet zombie

Skill      XL: |  1  2  3  4  5  6  7  8  9 |
---------------+----------------------------+-----
Ice Magic      | 4 5 6 8 9 |  9.1
Dodging        | 3 4 5 6 |  6.1
Spellcasting   | 3 4 5 6 7 |  7.6
Charms         | 1 2 |  2.0
Stealth        | 3 4 |  4.3
Conjurations   | 1 2 |  2.0
Fighting       | |  0.2
Short Blades   | |  0.5
Throwing       | |  0.4

Action                   |  1- 3 |  4- 6 |  7- 9 || total
-------------------------+-------+-------+-------++-------
Melee: Unarmed           |     6 |       |       ||     6
       Dagger            |    26 |       |       ||    26
       Whip              |    12 |   113 |   259 ||   384
Throw: Javelin           |       |       |     4 ||     4
 Cast: Freeze            |    31 |    34 |   102 ||   167
       Throw Frost       |    10 |    10 |    36 ||    56
       Ozocubu's Armour  |       |     5 |    10 ||    15
       Throw Icicle      |       |       |    19 ||    19
  Use: Scroll            |     7 |     4 |     7 ||    18
       Potion            |     1 |     1 |     7 ||     9
 Stab: Sleeping          |     3 |     3 |     6 ||    12
  Eat: Chunk             |     3 |     2 |     3 ||     8
       Bread ration      |     1 |     1 |     1 ||     3
       Fruit             |       |       |     8 ||     8
       Meat ration       |       |       |     3 ||     3
Armor: Robe              |    12 |    36 |   104 ||   152
Dodge: Dodged            |    41 |   102 |   225 ||   368
